 Dungeon Crawl Stone Soup version 0.30-a0-368-g86fb4627a9 (webtiles) character file.

Game seed: 4859398188545271071

4062 jimonade the Thaumaturge (level 10, -2/60 HPs)
             Began as a Djinni Fire Elementalist on Nov 19, 2022.
             Was an Initiate of Ashenzari.
             Slain by a killer bee (10 damage)
             ... on level 9 of the Dungeon.
             The game lasted 00:19:48 (8878 turns).

jimonade the Thaumaturge (Djinni Fire Elementalist) Turns: 8878, Time: 00:19:49

Health: -2/60      AC:  9    Str: 11    XL:     10   Next: 49%
Gold:   393        EV: 12    Int: 17    God:    Ashenzari [......] SH:  0 Dex: 14

rFire   + + +      SeeInvis .    a - +2 dagger (venom)
rCold   x x .      Faith    .    (no shield)
rNeg    + . .      Spirit   .    Q - +3 leather armour {rN+}
rPois   ∞          Reflect  .    p - +0 helmet of the Ruined Blue Moon {Range, Self} (curse)
rElec   .          Harm     .    K - +0 cloak {Stlth+}
rCorr   .          Rampage  .    C - +0 pair of gloves
Will    ++...                    (boots unavailable)
Stlth   +++.......               H - amulet of regeneration
HPRegen 1.10/turn                g - ring of fire
MPRegen 0.00/turn                L - ring of willpower

@: flying
A: sickness immunity, fire resistance 2, cold vulnerability 1, float, innate
caster, HP casting, extra vitality 1
a: Renounce Religion, Shatter the Chains


You were on level 9 of the Dungeon.
You worshipped Ashenzari.
Ashenzari was noncommittal.
You visited 2 branches of the dungeon, and saw 10 of its levels.

You collected 393 gold pieces.

Inventory:

Hand Weapons
 a - a +2 dagger of venom (weapon)
 b - a +1 short sword of draining
 J - a +0 long sword
 X - a +1 whip of electrocution
Missiles
 w - 6 atropa-tipped darts
 R - 17 poisoned darts
Armour
 k - a +0 ring mail
 p - the cursed +0 helmet of the Ruined Blue Moon (worn) {Range, Self}
   (You took it off Robin on level 2 of the Dungeon)

   It has a curse which improves the following skills: Ranged Combat: Ranged
   Weapons and Throwing.
   Introspection: Fighting and Spellcasting.
 v - a +0 robe of willpower
 C - a +0 pair of gloves (worn)
 K - a +0 cloak of stealth (worn)
 Q - a +3 leather armour of positive energy (worn)
 V - a +2 leather armour of fire resistance
 Z - a +0 buckler
Magical Staves
 e - a staff of earth
Jewellery
 g - a ring of fire (left hand)
 o - a ring of fire
 H - an amulet of regeneration (around neck)
 L - a ring of willpower (right hand)
 Y - a +6 ring of intelligence
Wands
 y - a wand of polymorph (20)
 z - a wand of paralysis (21)
 G - a wand of digging (3)
 S - a wand of flame (21)
Scrolls
 c - 5 scrolls of identify {unknown}
 j - 2 scrolls of vulnerability {unknown}
 n - 3 scrolls of poison {unknown}
 q - a scroll of silence {unknown}
 s - 3 scrolls of fog {unknown}
 u - a scroll of immolation {unknown}
 x - 3 scrolls of magic mapping {unknown}
 D - 2 scrolls of enchant armour {unknown}
 E - 4 scrolls of teleportation {unknown}
 F - a scroll of enchant weapon {unknown}
 I - 2 scrolls of torment {unknown}
 O - a scroll of blinking {unknown}
 P - a scroll of amnesia {unknown}
 T - a scroll of brand weapon {unknown}
 U - a scroll of acquirement {unknown}
Potions
 d - 3 potions of magic {unknown}
 f - 2 potions of haste
 h - 4 potions of attraction {unknown}
 i - 6 potions of curing {unknown}
 l - a potion of ambrosia {unknown}
 m - 3 potions of flight {unknown}
 r - 2 potions of degeneration {unknown}
 t - a potion of might {unknown}
 A - 2 potions of cancellation {unknown}
 B - 6 potions of heal wounds {unknown}
 M - 3 potions of brilliance {unknown}
 N - a potion of lignification {unknown}
 W - 3 potions of mutation {unknown}


   Skills:
 - Level 2.1 Dodging
 - Level 1.5 Stealth
 + Level 11.5(11.9) Spellcasting


You had 10 spell levels left.
You knew the following spells:

 Your Spells              Type           Power      Damage    Failure   Level
a - Foxfire               Conj/Fire      100%       2x1d9     1%          1
b - Scorch                Fire           100%       2d10      1%          2
c - Kindle Blastsparks    Fire/Tloc/Air  100%       2d18      1%          3
d - Inner Flame           Hex/Fire       66%        N/A       1%          3
e - Flame Wave            Conj/Fire      66%        2d15      1%          4
f - Summon Small Mammal   Summ           100%       N/A       1%          1
g - Wereblood             Tmut           50%        N/A       1%          2
h - Passwall              Tmut/Erth      41%        N/A       1%          2
i - Iskenderun's Mystic   Conj/Tloc      50%        2d11      1%          4
Your spell library was empty.

Dungeon Overview and Level Annotations

Branches:
Dungeon (9/15)             Temple (1/1) D:6
   Lair: D:8-11         Orc: D:9-12

Altars:
Ashenzari
Cheibriados
Dithmenos
Elyvilon
Fedhas
Makhleb
Nemelex Xobeh
Okawaru
Qazlal
Ru
Trog
Uskayaw
Wu Jian
Yredelemnul
Zin
The Shining One

Annotations:
D:8 exclusion: downstairs
D:9 Erica


Innate Abilities, Weirdness & Mutations

You are immune to sickness and miasma.
You are immune to poison.
Your flesh is very heat resistant. (rF++)
You are vulnerable to cold. (rC-)
You float through the air rather than walking.
You learn spells naturally, not from books.
Your magical power is your life essence.
You have superior vitality. (+4 MHP)


Message History

You feel a surge of power!
A cloud of volatile blastsparks flares up around you!
The killer bee stings you.
The cloud of blastsparks explodes!
The concussive blast engulfs the killer bee!
The killer bee is heavily wounded.
The concussive blast engulfs you. You resist.
You are knocked back by the blast.
The queen bee calls on the killer bee to defend it!
The killer bee goes berserk!
The killer bee stings you!
Casting: Kindle Blastsparks (safe; 1% risk of failure)
Confirm with . or Enter, or press ? or * to list all spells.
You feel a surge of power!
A cloud of volatile blastsparks flares up around you!
The killer bee stings you.
The killer bee stings you but does no damage.
The killer bee closely misses you. The killer bee completely misses you.
The killer bee closely misses you.
The cloud of blastsparks explodes!
The concussive blast engulfs the killer bee!!
The killer bee is severely wounded.
The concussive blast engulfs the killer bee!!
You kill the killer bee!
The concussive blast engulfs you. You resist.
You are knocked back by the blast.
The queen bee calls on the killer bee to defend it!
The killer bee goes berserk!
The killer bee barely misses you.
The killer bee rages.
The killer bee stings you!
* * * LOW HITPOINT WARNING * * *
The killer bee completely misses you.
The killer bee stings you but does no damage.
Casting: Kindle Blastsparks (safe; 1% risk of failure)
Confirm with . or Enter, or press ? or * to list all spells.
You feel a surge of power!
A cloud of volatile blastsparks flares up around you!
* * * LOW HITPOINT WARNING * * *
The killer bee stings you but does no damage. x3
The killer bee stings you!
You die...

#.#
#...)<.)........
#.#
#...............
#.#
#..###..........
######.# #..#
#...####..#
.......# #..#
#...# .#
.......# #..#
#...# # ####.#y#
#..# #...# #..#
#..# #...#
##.########y@#
#.....y...y.#
#...........#
#..#.####...#
#..##.# #...#
#..# ## #...#
#..# #...# #..#
#...# #..# #...#


You could see a queen bee and 2 killer bees.

Vanquished Creatures
  Grinder (D:3)
  Sigmund (D:3)
  Eustachio (D:4)
  A steam dragon (D:8)
  Menkaure (D:4)
  2 black bears
  4 orc warriors
  A water moccasin (D:9)
  A sky beast (D:7)
  2 ice beasts
  5 centaurs
  A phantom (D:6)
  2 bullfrogs
  Blork the orc (D:4)
  3 scorpions
  13 killer bees
  A howler monkey (D:7)
  An electric eel (D:9)
  2 hounds
  2 orc priests
  3 jellies
  Crazy Yiuf (D:3)
  Jessica (D:3)
  Natasha (thrice) (D:2)
  4 iguanas
  4 orc wizards
  Robin (D:2)
  4 gnolls (D:7)
  11 adders
  A shadow imp (D:6)
  4 white imps
  An ufetubus (D:4)
  2 dart slugs
  34 orcs
  8 bats
  2 endoplasms
  2 giant cockroaches
  15 goblins
  9 hobgoblins
  8 quokkas
  6 ball pythons
  6 frilled lizards
  7 kobolds
  7 rats
190 creatures vanquished.

Vanquished Creatures (others)
  453 foxfires
453 creatures vanquished.

Grand Total: 643 creatures vanquished

Notes
Turn   | Place    | Note
-------+----------+-------------------------------------------
     0 | D:1      | jimonade the Djinni Fire Elementalist began the quest for
                  | the Orb.
     0 | D:1      | jimonade set off with the following spells memorised:
                  | Foxfire, Scorch, Kindle Blastsparks, Inner Flame, Flame
                  | Wave.
     0 | D:1      | Reached XP level 1. HP: 15/15 MP: 0/0
   304 | D:1      | Reached XP level 2. HP: 20/21 MP: 0/0
   490 | D:1      | Reached skill level 3 in Spellcasting
   620 | D:1      | Reached XP level 3. HP: 21/25 MP: 0/0
   620 | D:1      | Learned a level 1 spell: Summon Small Mammal
   655 | D:1      | Found a faded altar of an unknown god.
  1337 | D:2      | Noticed Natasha
  1340 | D:2      | Killed Natasha
  1341 | D:2      | Reached XP level 4. HP: 28/31 MP: 0/0
  1469 | D:2      | Reached skill level 4 in Spellcasting
  1539 | D:2      | Noticed Robin
  1549 | D:2      | Killed Robin
  1550 | D:2      | Reached XP level 5. HP: 32/35 MP: 0/0
  1550 | D:2      | Learned a level 2 spell: Wereblood
  1701 | D:2      | Noticed Natasha
  1705 | D:2      | Killed Natasha
  1718 | D:2      | Noticed Natasha
  1721 | D:2      | Killed Natasha
  2240 | D:3      | Noticed Grinder
  2246 | D:3      | Killed Grinder
  2247 | D:3      | Reached skill level 5 in Spellcasting
  2247 | D:3      | Reached XP level 6. HP: 24/40 MP: 0/0
  2247 | D:3      | Reached XP level 7. HP: 27/45 MP: 0/0
  2247 | D:3      | Learned a level 2 spell: Passwall
  2397 | D:3      | Noticed Sigmund
  2403 | D:3      | Killed Sigmund
  2404 | D:3      | Reached skill level 6 in Spellcasting
  2575 | D:3      | Noticed Jessica
  2578 | D:3      | Killed Jessica
  2668 | D:3      | Found a runed translucent door.
  2669 | D:3      | Noticed Crazy Yiuf
  2881 | D:3      | Killed Crazy Yiuf
  3120 | D:4      | Noticed Blork the orc
  3126 | D:4      | Killed Blork the orc
  3127 | D:4      | Reached XP level 8. HP: 45/50 MP: 0/0
  3335 | D:4      | Noticed Eustachio
  3342 | D:4      | Killed Eustachio
  3343 | D:4      | Reached skill level 7 in Spellcasting
  3827 | D:4      | Noticed Menkaure
  3835 | D:4      | Killed Menkaure
  4416 | D:5      | Entered Level 5 of the Dungeon
  4429 | D:5      | Reached skill level 8 in Spellcasting
  4865 | D:5      | Reached XP level 9. HP: 52/55 MP: 0/0
  4865 | D:5      | Learned a level 4 spell: Iskenderun's Mystic Blast
  5672 | D:5      | Found a glowing golden altar of the Shining One.
  5848 | D:5      | Reached skill level 9 in Spellcasting
  6327 | D:6      | Found a sparkling altar of Nemelex Xobeh.
  6391 | D:6      | Found a staircase to the Ecumenical Temple.
  6450 | Temple   | Entered the Ecumenical Temple
  6699 | Temple   | Became a worshipper of Ashenzari the Shackled
  7250 | D:7      | Reached skill level 10 in Spellcasting
  7750 | D:7      | Found a hide-covered altar of Uskayaw.
  7896 | D:7      | Reached XP level 10. HP: 58/60 MP: 0/0
  8308 | D:8      | Reached skill level 11 in Spellcasting
  8854 | D:9      | Noticed Erica
  8878 | D:9      | Slain by a killer bee

Illustrated notes

Levels and vault maps discovered:
D:1:      dpeg_arrival_water_fire, layout_basic, basic_ecumenical_altar,
          corner_web_ring
D:2:      layout_rooms, serial_rivers, chequers_serial_rivers_marsh,
          chequers_serial_rivers_room_a, chequers_serial_rivers_large_a,
          chequers_serial_rivers_large_b, chequers_serial_rivers_micro_c,
          chequers_serial_rivers_small_b, uniq_robin, uniq_natasha
D:3:      layout_basic, uniq_jessica, uniq_grinder, uniq_crazy_yiuf_cottage,
          uniq_sigmund
D:4:      layout_basic, hangedman_glass_teeth, uniq_eustachio, uniq_menkaure,
          uniq_blork_the_orc
D:5:      layout_basic, mainiacjoe_overflow_two_lobes
D:6:      layout_loops_ring, nemelex_spade_bored_becter,
          minmay_temple_entry_drinking_statues, dreamdust_princess_corridor
D:7:      layout_basic, old_standard_altar
D:8:      layout_rooms
D:9:      layout_long_grid, lemuel_crystal_altar,
          gammafunk_temple_overflow_statue, erik_lair_island, special_room
          [special_room_bee], uniq_erica
Temple:   regret_index_temple_generic_petals

Skill      XL: |  1  2  3  4  5  6  7  8  9 10 |
---------------+-------------------------------+-----
Spellcasting   | 3 4 5 6 8 10 11 | 11.5
Dodging        | |  2.1
Stealth        | |  1.5

Action                   |  1- 3 |  4- 6 |  7- 9 | 10-12 || total
-------------------------+-------+-------+-------+-------++-------
Melee: Dagger            |       |     4 |    10 |     9 ||    23
       Short sword       |       |     1 |       |       ||     1
       Punch             |       |       |     1 |       ||     1
 Cast: Foxfire           |    20 |    36 |   142 |    90 ||   288
       Scorch            |    25 |    14 |    45 |    15 ||    99
       Inner Flame       |       |       |    20 |     4 ||    24
       Kindle Blastspark |       |       |     1 |    10 ||    11
Invok: Curse Item        |       |       |       |     1 ||     1
Armor: Robe              |     4 |       |     1 |       ||     5
       Leather armour    |       |       |    14 |    27 ||    41
Dodge: Dodged            |    16 |     4 |    43 |    61 ||   124

Table legend: (Time is in decaauts)
 A = Elapsed time spent in this place.
 B = Non-inter-level travel time spent in this place.
 C = Inter-level travel time spent in this place.
 D = Time resting spent in this place.
 E = Time spent auto-exploring this place.
 F = Levels seen in this place.
 G = Mean time per level.
                   A        B        C        D        E       F      G
               +--------+--------+--------+--------+--------+-----+--------+
         Total |   8878 |   8294 |    584 |    396 |   6388 |  10 |  887.8 |
       Dungeon |   8607 |   8077 |    530 |    396 |   6177 |   9 |  956.3 |
        Temple |    271 |    217 |     54 |      0 |    211 |   1 |  271.0 |
               +--------+--------+--------+--------+--------+-----+--------+

Top non-repeatable levels by time:
     D:5: 1533 daAuts
     D:4: 1512 daAuts
     D:1: 1268 daAuts
     D:7: 1046 daAuts
     D:3: 849 daAuts
     D:2: 838 daAuts
     D:6: 740 daAuts
     D:8: 693 daAuts
  Temple: 271 daAuts
     D:9: 125 daAuts
